 Dungeon Crawl Stone Soup version 0.27.1-34-g3ba077fa99 (webtiles) character file.

Game seed: 6847879410879485740

1527786 bearfacebrad the Slayer (level 27, 319/319 HPs)
             Began as a Human Fighter on Jan 17, 2022.
             Was the Champion of Okawaru.
             Escaped with the Orb
             ... and 3 runes on Jan 18, 2022!
             The game lasted 05:44:17 (87405 turns).

bearfacebrad the Slayer (Human Fighter)            Turns: 87405, Time: 05:44:18

Health: 319/319    AC: 41    Str: 37    XL:     27
Magic:  20/20      EV: 23    Int: 16    God:    Okawaru [******]
Gold:   3620       SH: 28    Dex: 19    Spells: 26/26 levels left

rFire    + + +     SeeInvis +   V - +10 demon trident of the Spheres {venom, rElec Int+4}
rCold    + . .     Faith    .   y - +3 kite shield of the Cartwright {-Cast rF+ Dex+4 Stlth+}
rNeg     + + +     Spirit   .   p - +15 pearl dragon scales "Parriulu" {-Cast Rampage rF++ rN+ rCorr}
rPois    +         Reflect  +   f - +3 crown of Dyrovepreva {rElec Int+2 SInv}
rElec    +         Harm     .   Y - scarf {rC+ rF+}
rCorr    +         Rampage  +   R - +2 pair of gloves {Str+3}
Will     ++...     Rnd*Rage +   E - +0 pair of boots {Stlth+} Stlth ..........NoCast +
                                X - amulet of reflection
HPRegen  1.63/turn              b - ring "Yvvoe" {rN++ Str+6}
MPRegen  0.17/turn              W - ring of poison resistance

@: berserking, studying Bows, very quick
A: large bone plates 1, berserk 3, deterioration 1, fire resistance 1, frail 1,
low mp 1, regeneration 1, screaming 2, strong 1, evolution 1, subdued magic 2,
inability to read while threatened
0: Orb of Zot
}: 3/15 runes: decaying, silver, gossamer
a: Renounce Religion, Heroism, Finesse


You escaped.
You worshipped Okawaru.
Okawaru was exalted by your worship.
You visited 8 branches of the dungeon, and saw 44 of its levels.
You visited the Abyss 2 times.
You also visited: Ossuary and Bailey.

You collected 6157 gold pieces.
You spent 2537 gold pieces at shops.

Inventory:

Hand Weapons
 d - the +11 demon trident of Beyond {vorpal, Will- MP+9 Dex+3 Stlth+}
   (Okawaru gifted it to you on level 2 of the Vaults)

   It inflicts extra damage upon your enemies.
   Dex:       It affects your dexterity (+3).
   MP:        It affects your magic capacity (+9).
   Will:      It decreases your willpower.
   Stlth:     It makes you more stealthy.
 V - the +10 demon trident of the Spheres (weapon) {venom, rElec Int+4}
   (Okawaru gifted it to you on level 4 of the Swamp)

   It poisons the flesh of those it strikes.
   Int:       It affects your intelligence (+4).
   rElec:     It insulates you from electricity.
Missiles
 k - 35 curare-tipped darts
 t - 18 javelins (quivered)
 I - 13 silver javelins
Armour
 f - the +3 crown of Dyrovepreva (worn) {rElec Int+2 SInv}
   (You found it on level 2 of the Vaults)

   Int:       It affects your intelligence (+2).
   rElec:     It insulates you from electricity.
   SInv:      It lets you see invisible.
 p - the +15 pearl dragon scales "Parriulu" (worn) {-Cast Rampage rF++ rN+ rCorr}
   (Okawaru gifted it to you on level 1 of the Swamp)

   rF:        It greatly protects you from fire.
   rN:        It protects you from negative energy.
   -Cast:     It prevents spellcasting.
   rCorr:     It protects you from acid and corrosion.
   Rampage:   It bestows one free step when moving towards enemies.
 y - the +3 kite shield of the Cartwright (worn) {-Cast rF+ Dex+4 Stlth+}
   (You found it on level 6 of the Dungeon)

   Dex:       It affects your dexterity (+4).
   rF:        It protects you from fire.
   -Cast:     It prevents spellcasting.
   Stlth:     It makes you more stealthy.
 E - a +0 pair of boots of stealth (worn)
 R - a +2 pair of gloves of strength (worn)
 Y - a scarf of resistance (worn)
Jewellery
 a - a ring of protection from fire
 b - the ring "Yvvoe" (left hand) {rN++ Str+6}
   (You acquired it in a bailey)

   [ring of strength]

   Str:       It affects your strength (+6).
   rN:        It greatly protects you from negative energy.
 z - a ring of willpower
 C - a ring of protection from cold
 M - the ring "Erer Cywn" {Will+ rCorr Int+6 Dex+4}
   (You bought it in a shop on level 12 of the Dungeon)

   [ring of willpower]

   Int:       It affects your intelligence (+6).
   Dex:       It affects your dexterity (+4).
   rCorr:     It protects you from acid and corrosion.
   Will:      It increases your willpower.
 T - a ring of protection from cold
 W - a ring of poison resistance (right hand)
 X - an amulet of reflection (around neck)
Wands
 n - a wand of charming (43)
 x - a wand of flame (148)
 A - a wand of polymorph (20)
 G - a wand of acid (13)
 O - a wand of paralysis (31)
 Q - a wand of iceblast (17)
 U - a wand of digging (27)
Scrolls
 e - 9 scrolls of enchant armour
 i - 11 scrolls of identify
 j - 8 scrolls of immolation
 l - 7 scrolls of fog
 m - 3 scrolls of silence
 r - 3 scrolls of enchant weapon
 D - 8 scrolls of teleportation
 F - a scroll of holy word
 H - 5 scrolls of magic mapping
Potions
 g - 6 potions of flight
 h - a potion of berserk rage
 o - 3 potions of cancellation
 q - 2 potions of ambrosia
 s - 12 potions of might
 v - 4 potions of invisibility
 w - 8 potions of lignification
 K - a potion of magic
 L - a potion of curing
Miscellaneous
 c - a condenser vane
 J - a phantom mirror
 N - a box of beasts
 P - a lightning rod (4/4)
 S - a tin of tremorstones (2/2)


   Skills:
 + Level 23.7 Fighting
 + Level 23.6 Polearms
 + Level 15.2 Throwing
 + Level 16.8 Armour
 + Level 18.3 Dodging
 + Level 14.6 Stealth
 - Level 15.0 Shields
 + Level 0.3 Unarmed Combat
 + Level 0.4 Invocations
 + Level 5.7 Evocations


You had 26 spell levels left.
You didn't know any spells.
Your spell library contained the following spells:

 Spells                   Type           Power      Damage    Failure   Level
 Animate Skeleton         Necr           0%         N/A       30%         1
 Beastly Appendage        Tmut           0%         N/A       30%         1
 Magic Dart               Conj           0%         1d3       30%         1
 Sandblast                Erth           0%         2d4       30%         1
 Sting                    Tmut/Pois      0%         1d3       30%         1
 Summon Small Mammal      Summ           0%         N/A       30%         1
 Blink                    Tloc           N/A        N/A       43%         2
 Call Imp                 Summ           0%         N/A       43%         2
 Corpse Rot               Necr/Air       N/A        N/A       43%         2
 Passwall                 Tmut/Erth      0%         N/A       43%         2
 Poisonous Vapours        Pois/Air       0%         N/A       43%         2
 Slow                     Hex            0%         N/A       43%         2
 Sublimation of Blood     Necr           0%         N/A       43%         2
 Wereblood                Tmut           0%         N/A       43%         2
 Call Canine Familiar     Summ           0%         N/A       69%         3
 Confusing Touch          Hex            0%         N/A       69%         3
 Gell's Gravitas          Tloc           0%         N/A       69%         3
 Ignite Poison            Fire/Tmut/Pois 0%         N/A       69%         3
 Inner Flame              Hex/Fire       0%         N/A       69%         3
 Lesser Beckoning         Tloc           0%         N/A       69%         3
 Mephitic Cloud           Conj/Pois/Air  0%         N/A       69%         3
 Ozocubu's Armour         Ice            0%         N/A       69%         3
 Portal Projectile        Hex/Tloc       0%         N/A       69%         3
 Spider Form              Tmut/Pois      0%         N/A       69%         3
 Stone Arrow              Conj/Erth      0%         3d7       69%         3
 Summon Guardian Golem    Hex/Summ       0%         N/A       69%         3
 Teleport Other           Tloc           0%         N/A       69%         3
 Vampiric Draining        Necr           0%         2d6       69%         3
 Animate Armour           Summ/Erth      0%         N/A       98%         4
 Animate Dead             Necr           0%         N/A       98%         4
 Cause Fear               Hex            0%         N/A       98%         4
 Leda's Liquefaction      Hex/Erth       0%         N/A       98%         4
 Olgreb's Toxic Radiance  Pois           0%         N/A       98%         4
 Petrify                  Tmut/Erth      0%         N/A       98%         4
 Summon Ice Beast         Ice/Summ       0%         N/A       98%         4
 Blade Hands              Tmut           0%         N/A       100%        5
 Bolt of Magma            Conj/Fire/Erth 0%         4d4       100%        5
 Borgnjor's Vile Clutch   Necr/Erth      0%         N/A       100%        5
 Excruciating Wounds      Necr           0%         N/A       100%        5
 Fireball                 Conj/Fire      0%         3d3       100%        5
 Freezing Cloud           Conj/Ice/Air   0%         6-21      100%        5
 Irradiate                Conj/Tmut      0%         3d13      100%        5
 Iskenderun's Battlesphe  Conj           0%         2d6       100%        5
 Lee's Rapid Deconstruct  Erth           0%         3d5*      100%        5
 Manifold Assault         Tloc           0%         N/A       100%        5
 Metabolic Englaciation   Hex/Ice        0%         N/A       100%        5
 Summon Mana Viper        Hex/Summ       0%         N/A       100%        5
 Conjure Ball Lightning   Conj/Air       0%         3x3d6     100%        6
 Death Channel            Necr           0%         N/A       100%        6
 Iron Shot                Conj/Erth      0%         9d1       100%        6
 Simulacrum               Ice/Necr       0%         N/A       100%        6
 Statue Form              Tmut/Erth      0%         N/A       100%        6
 Monstrous Menagerie      Summ           0%         N/A       100%        7
 Orb of Destruction       Conj           0%         N/A       100%        7
 Ozocubu's Refrigeration  Ice            0%         4d5       100%        7
 Spellforged Servitor     Conj/Summ      0%         N/A       100%        7
 Storm Form               Tmut/Air       0%         N/A       100%        7
 Summon Hydra             Summ           0%         N/A       100%        7
 Discord                  Hex            0%         N/A       100%        8
 Ignition                 Fire           0%         3d3       100%        8
 Lehudib's Crystal Spear  Conj/Erth      0%         10d2      100%        8


Dungeon Overview and Level Annotations

Branches:
Dungeon (15/15)            Temple (1/1) D:6            Lair (5/6) D:8
  Swamp (4/4) Lair:3       Spider (4/4) Lair:2          Orc (0/2) D:10
 Vaults (5/5) D:13          Crypt (0/3) Vaults:2     Depths (5/5) D:15
    Zot (5/5) Depths:5    Ossuary (visited)          Bailey (visited)
  Slime: Lair:5-6

Altars:
Ashenzari
Cheibriados
Dithmenos
Elyvilon
Fedhas
Gozag
Hepliaklqana
Kikubaaqudgha
Makhleb
Nemelex Xobeh
Okawaru
Qazlal
Ru
Sif Muna
Trog
Uskayaw
Vehumet
Wu Jian
Xom
Yredelemnul
Zin
The Shining One

Shops:
D:5 *   D:6 (   D:12 =   Vaults:2 *(*(*

Portals:
Hell: Depths:1 Depths:2 Depths:3 Depths:4 Depths:5
Abyss: Depths:2 Depths:4
Pandemonium: Depths:3
Ziggurat: Depths:2
Trove: D:12 (give +8 demon blade)

Annotations:
D:15 Roxanne
Lair:1 exclusion: 2 oklob plants
Lair:4 2 transporters, exclusions: ice statue and 2 oklob plants
Vaults:4 3 runed translucent doors, Meihij's ghost, veteran MiBe; Muvus's ghost, adept DsFi; Tang's ghost, master DsGl; dnasty's ghost, veteran DjFE


Innate Abilities, Weirdness & Mutations

You are partially covered in large bone plates. (SH +4)
You have an uncontrollable temper.
Your body sometimes deteriorates upon taking damage.
Your flesh is heat resistant. (rF+)
You are frail. (-10% HP)
Your magical capacity is low. (-10% MP)
Your natural rate of healing is unusually fast.
You frequently scream uncontrollably at your foes.
Your muscles are strong. (Str +2)
You evolve.
Your spells are easier to cast, but less powerful.
You sometimes lose the ability to read scrolls when taking damage.


Message History

The shadow demon gestures.
You block the bat's attack. The goblin closely misses you.
You puncture the endoplasm!
You kill the endoplasm!
The endoplasm dissolves into shadows!
A nearby plant withers and dies.
You block the bat's attack. The goblin hits you but does no damage.
You block the shadow demon's attack.
You puncture the goblin!
You kill the goblin!
The goblin's corpse dissolves into shadows!
You block the bat's attack. The bat completely misses you.
You block the rat's attack.
You perforate the bat like a sieve!!!
You kill the bat!
The bat's corpse dissolves into shadows!
You block the rat's attack. You block the shadow demon's attack.
You can't go up here!
You closely miss the shadow demon. You completely miss the shadow demon.
You block the rat's attack. The shadow demon misses you.
A red film seems to cover your vision as you go berserk!
You feel yourself moving faster!
You feel mighty!
You impale the shadow demon!!
The shadow demon is heavily wounded.
You block the rat's attack. You block the shadow demon's attack.
You hit the shadow demon.
The shadow demon is severely wounded.
You puncture the shadow demon!
The shadow demon is almost dead.
You block the rat's attack.
You hit the shadow demon but do no damage.
The shadow demon is poisoned.
The shadow demon is almost dead.
You block the shadow demon's attack.
You puncture the shadow demon!
You kill the shadow demon!
Okawaru accepts your kill.
The rat dissolves into shadows!
There is a staircase leading out of the dungeon here.
You feel a strong urge to attack something.
You have escaped!

#.#########.##)####............
#...........##.##..............
#.#########.##.######>..##...##
#.# ###.##.# ########.# #.#
##...##.## #####..# #.#
#..###...## ##.....## #.#
#####..P..## #..##### #.#
#######.......#####.# #.#
#.+.....P.@.......'.# #.#
#.#####.......####### ###.###.#
####..P..##
........###..##...## #######
............#.##.## #.....#
........#####.##.# #.....#
........##....##.# #.....#
........##....##.# #......
##########.....#'# #......


There were no monsters in sight!

Vanquished Creatures
  4 ancient liches
  2 dread liches
  5 orbs of fire
  Boris (Depths:3)
  A Killer Klown (Zot:5)
  3 curse toes
  A caustic shrike (Depths:4)
  14 golden dragons
  the Enchantress (Depths:2)
  A pandemonium lord (Depths:2)
  Arachne (Spider:2)
  4 electric golems
  An Ice Fiend (Depths:5)
  Rupert (Spider:1)
  22 tentacled monstrosities
  4 liches
  7 titans
  12 quicksilver dragons
  25 Orb Guardians
  4 tentacled starspawn
  2 Executioners
  5 sphinxes
  11 death cobs
  3 thorn hunters (Swamp:4)
  Gastronok (D:8)
  Kirke (D:12)
  Agnes (D:15)
  3 tengu reavers
  A storm dragon (shapeshifter) (Depths:2)
  18 storm dragons
  2 fenstrider witches
  8 shadow dragons
  12 draconian monks
  A nagaraja (Abyss:3)
  A fenstrider witch (shapeshifter) (Depths:4)
  Louise (Depths:2)
  8 fire giants
  3 draconian scorchers
  7 frost giants
  A ghost moth (shapeshifter) (Depths:4)
  3 iron dragons
  9 draconian knights
  8 draconian shifters
  17 vault wardens
  2 angels (Vaults:3)
  8 ghost moths
  2 orc warlords
  A cacodemon (Abyss:2)
  7 emperor scorpions
  A reaper (Abyss:2)
  A deep elf elementalist (Depths:3)
  10 draconian annihilators
  A curse skull (Vaults:2)
  8 draconian stormcallers
  4 war gargoyles
  17 stone giants
  34 very ugly things
  20 ironbound preservers
  Nessos (D:15)
  4 spriggan defenders
  A blood saint (Zot:2)
  3 vampire knights
  21 green draconians
  A deep elf annihilator (Vaults:5)
  A dire elephant (Vaults:1)
  6 entropy weavers
  14 red draconians
  20 purple draconians
  3 eleionomae
  12 spark wasps
  17 white draconians
  2 deep elf demonologists
  3 bunyips
  10 black draconians
  7 yellow draconians
  A blizzard demon (Zot:2)
  An eidolon (Vaults:2)
  Josephine (D:14)
  2 crystal guardians (Vaults:4)
  11 yaktaur captains
  4 fire dragons
  10 ettins
  8 great orbs of eyes
  4 boulder beetles
  8 ironbound thunderhulks
  31 vault guards
  15 hydras
  8 ice dragons
  A rakshasa (Depths:1)
  2 ogre magi
  A hydra (shapeshifter) (Depths:3)
  3 centaur warriors
  8 ironbound frosthearts
  7 spriggan air magi
  9 alligators
  4 peacekeepers
  5 two-headed ogres
  2 dancing weapons (D:13)
  7 tengu warriors
  A ghost crab (Swamp:2)
  10 deep troll shamans
  3 ironbound beastmasters
  3 death yaks (Lair:4)
  A thrashing horror (Abyss:2)
  11 spriggan berserkers
  9 deep troll earth magi
  2 vampire magi
  9 hell knights
  14 large abominations
  12 iron trolls
  A soul eater (D:1)
  A wretched star (Abyss:2)
  A shadow wraith (Abyss:2)
  3 goliath frogs
  A death drake (Depths:5)
  67 deep trolls
  2 glowing orange brains
  An infernal demonspawn (Zot:2)
  A torturous demonspawn (Zot:2)
  3 spriggan druids
  13 ironbound convokers
  A shadow demon (D:1)
  2 flayed ghosts
  5 swamp dragons
  2 lindwurms
  6 bog bodies
  8 necromancers
  6 phantasmal warriors
  16 wizards
  17 orb spiders
  A deep elf zephyrmancer (D:14)
  2 shining eyes (shapeshifter) (Vaults:5)
  3 orc knights
  A tengu skeleton (Depths:1)
  2 mana vipers (shapeshifter)
  26 wolf spiders
  5 will-o-the-wisps
  2 worldbinders (Abyss:2)
  A salamander (shapeshifter) (D:14)
  4 manticores
  A moth of wrath (shapeshifter) (Depths:3)
  72 ugly things
  A stone giant skeleton (Vaults:3)
  3 cyclopes
  2 apocalypse crabs
  A rust devil (Abyss:2)
  A guardian serpent (shapeshifter) (D:13)
  A frost giant skeleton (Abyss:2)
  A naga mage (Vaults:2)
  A fire giant skeleton (Abyss:2)
  24 moths of wrath
  Maurice (D:9)
  17 vault sentinels
  4 elephants (Lair:3)
  2 black mambas (Lair:4)
  2 orange demons (Abyss:2)
  9 smoke demons
  3 torpor snails
  Joseph (D:9)
  2 gargoyles
  3 cane toads
  Maggie (D:10)
  19 yaktaurs
  3 yaktaur zombies
  12 demonic crawlers
  5 unseen horrors
  A rime drake (Lair:2)
  An ice devil (D:15)
  8 komodo dragons
  A yaktaur skeleton (Vaults:4)
  An ancient zyme (Abyss:2)
  A silent spectre (Abyss:2)
  9 tengu conjurers
  2 hellwings (Abyss:2)
  4 trolls
  30 jumping spiders
  10 tyrant leeches
  16 hornets
  3 blink frogs (Lair:2)
  36 slime creatures
  A dream sheep (shapeshifter) (D:14)
  A stone giant simulacrum (Depths:1)
  Sigmund (D:6)
  10 spriggans
  A spriggan simulacrum (Depths:1)
  48 tarantellas
  71 redbacks
  3 wyverns (Lair:1)
  31 yaks
  4 ynoxinuls
  3 hogs (D:11)
  9 wraiths
  7 basilisks
  2 fire bats (Abyss:2)
  A golden eye (shapeshifter) (D:15)
  5 neqoxecs
  An elf skeleton (Vaults:4)
  2 chaos spawn
  11 vampire mosquitoes
  12 swamp worms
  A naga (shapeshifter) (Vaults:5)
  An acid dragon (D:10)
  Menkaure (D:6)
  10 water moccasins
  A floating eye (shapeshifter) (Vaults:4)
  A human simulacrum (Vaults:4)
  An ice beast (D:6)
  2 sky beasts
  An ettin simulacrum (Vaults:3)
  6 orc warriors
  5 swamp drakes (Swamp:4)
  2 black bears
  2 necrophages
  6 wolves
  4 ogres
  4 centaurs
  4 phantoms
  2 kobold brigands
  Blork the orc (D:6)
  13 bullfrogs
  A gnoll sergeant (D:3)
  22 small abominations
  An earth elemental (Abyss:2)
  15 scorpions
  A wyvern skeleton (D:6)
  A water moccasin skeleton (D:6)
  4 killer bees (D:7)
  14 wights
  8 howler monkeys
  7 electric eels
  2 centaur zombies
  2 human zombies (Ossuary)
  4 orc priests
  5 hounds (D:8)
  2 jellies
  2 iguanas
  7 orc wizards
  7 scorpion zombies (Ossuary)
  2 killer bee zombies
  A hound skeleton (D:4)
  3 mummies (Ossuary)
  A howler monkey zombie (D:9)
  6 adders
  7 gnolls
  4 shadow imps
  2 white imps
  An ufetubus (Abyss:2)
  2 adder skeletons
  A worm (D:5)
  3 dart slugs
  43 orcs
  2 bats
  5 endoplasms
  2 giant cockroaches (D:1)
  3 gnoll zombies (Ossuary)
  15 goblins
  8 hobgoblins
  6 jackals
  4 quokkas
  2 ball pythons
  4 frilled lizards
  3 goblin zombies
  3 hobgoblin zombies (Ossuary)
  33 kobolds
  A kobold zombie (Ossuary)
  2 rats
  A rat zombie (D:4)
  2 briar patches (Swamp:4)
1799 creatures vanquished.

Vanquished Creatures (others)
  A fire giant (Vaults:4)
  A draconian knight (Zot:4)
  An alligator (Swamp:2)
  A shadow wraith (Vaults:4)
  A bog body (Swamp:4)
  An ugly thing (Vaults:3)
  A hornet (Swamp:4)
  3 bloated husks
  A redback (Spider:4)
  A spriggan (Swamp:4)
  A fire bat (Abyss:3)
  A fire bat (shapeshifter) (Vaults:5)
  2 swamp worms
  A floating eye (Depths:5)
  2 orc wizards (D:12)
  A gnoll (Bailey)
  3 orcs
  4 briar patches (Swamp:4)
  58 foxfires
  8 fungi
  19 plants
  14 starspawn tentacles
  2 withered plants (Vaults:4)
128 creatures vanquished.

Grand Total: 1927 creatures vanquished

Notes
Turn   | Place    | Note
-------+----------+-------------------------------------------
     0 | D:1      | bearfacebrad the Human Fighter began the quest for the Orb.
     0 | D:1      | Reached XP level 1. HP: 18/18 MP: 1/1
    56 | D:1      | Reached XP level 2. HP: 7/24 MP: 2/2
   798 | D:1      | Reached XP level 3. HP: 17/29 MP: 3/3
  1405 | D:2      | Reached XP level 4. HP: 23/35 MP: 4/4
  1669 | D:2      | Found a faded altar of an unknown god.
  2481 | D:3      | Reached skill level 1 in Throwing
  2506 | D:3      | Reached skill level 1 in Dodging
  2588 | D:3      | Reached XP level 5. HP: 19/41 MP: 5/5
  3034 | D:3      | Reached XP level 6. HP: 35/47 MP: 6/6
  3852 | D:4      | Found a bloodstained altar of Trog.
  3993 | D:4      | Found a sand-covered staircase.
  4000 | D:4      | Reached XP level 7. HP: 52/52 MP: 7/7
  4007 | Ossuary  | Entered an ossuary
  4268 | Ossuary  | Reached skill level 5 in Polearms
  4268 | Ossuary  | Reached XP level 8. HP: 46/60 MP: 8/8
  4726 | Ossuary  | Reached skill level 5 in Shields
  5238 | Ossuary  | Reached skill level 5 in Armour
  5659 | D:4      | Reached XP level 9. HP: 55/66 MP: 9/9
  6256 | D:5      | Entered Level 5 of the Dungeon
  6572 | D:5      | Reached skill level 1 in Stealth
  6802 | D:5      | Found Lykk's Assorted Antiques.
  6924 | D:5      | Found a white marble altar of Elyvilon.
  6998 | D:5      | Found a shimmering altar of Xom.
  8099 | D:6      | Reached skill level 5 in Fighting
  8203 | D:6      | Identified the +3 kite shield of the Cartwright {-Cast rF+
                  | Dex+4 Stlth+}
  8282 | D:6      | Noticed Menkaure
  8285 | D:6      | Killed Menkaure
  8298 | D:6      | Reached XP level 10. HP: 55/74 MP: 10/10
  8415 | D:6      | Noticed Blork the orc
  8423 | D:6      | Killed Blork the orc
  8497 | D:6      | Found a staircase to the Ecumenical Temple.
  8514 | Temple   | Entered the Ecumenical Temple
  8777 | D:6      | Found Derghianu's Antique Weapon Shoppe.
  8931 | D:6      | Noticed Sigmund
  8936 | D:6      | Killed Sigmund
  9605 | D:7      | Found an ornate altar of the Wu Jian Council.
  9793 | D:7      | Found a sparkling altar of Nemelex Xobeh.
  9900 | D:7      | Found an iron altar of Okawaru.
  9908 | D:7      | Became a worshipper of Warmaster Okawaru
 10524 | D:8      | Found a flagged portal.
 10828 | Bailey   | Entered a bailey
 10864 | Bailey   | Noticed an orc warlord
 11011 | Bailey   | Reached * piety under Okawaru
 11079 | Bailey   | Found a runed translucent gate.
 11081 | Bailey   | Found a runed translucent gate.
 11092 | Bailey   | Found a runed translucent gate.
 11148 | Bailey   | Noticed an orc knight
 11382 | Bailey   | Killed an orc knight
 11762 | Bailey   | Killed an orc warlord
 11762 | Bailey   | Reached ** piety under Okawaru
 11763 | Bailey   | Reached skill level 5 in Throwing
 11763 | Bailey   | Reached skill level 1 in Evocations
 11763 | Bailey   | Reached XP level 11. HP: 81/81 MP: 11/11
 11839 | Bailey   | Identified the amulet of Sucruscho {Faith Int+5}
 11849 | Bailey   | Acquired 1113 gold pieces
 11852 | Bailey   | Acquired the ring "Yvvoe" {rN++ Str+6}
 12036 | D:8      | Noticed Gastronok
 12284 | D:8      | Reached *** piety under Okawaru
 12586 | D:8      | Found a staircase to the Lair.
 12815 | D:8      | Killed Gastronok
 12815 | D:8      | Reached **** piety under Okawaru
 13557 | D:9      | Noticed Joseph
 13715 | D:9      | Noticed Maurice
 13756 | D:9      | Killed Maurice
 13756 | D:9      | Reached ***** piety under Okawaru
 13756 | D:9      | Received a gift from Okawaru
 14083 | D:10     | Entered Level 10 of the Dungeon
 14084 | D:10     | Found a shimmering blue altar of Sif Muna.
 14650 | D:10     | Received a gift from Okawaru
 15142 | D:10     | Found a staircase to the Orcish Mines.
 15143 | D:10     | Noticed Maggie
 15159 | D:10     | Killed Maggie
 15322 | D:10     | You fall into a shaft and drop 2 floors!
 15357 | D:11     | Received a gift from Okawaru
 15358 | D:11     | Reached XP level 12. HP: 71/89 MP: 12/12
 15750 | D:11     | Got Casting, Part One
 15774 | D:11     | Noticed a two-headed ogre
 15786 | D:11     | Killed a two-headed ogre
 15787 | D:11     | Reached skill level 5 in Dodging
 16109 | D:11     | Noticed a boulder beetle
 16124 | D:11     | Killed a boulder beetle
 16172 | D:11     | Reached skill level 10 in Polearms
 16593 | D:9      | Killed Joseph
 17488 | D:12     | Found Itzaz's Jewellery Boutique.
 17496 | D:12     | Bought a ring of poison resistance for 360 gold pieces
 17496 | D:12     | Bought an amulet of reflection for 540 gold pieces
 17747 | D:12     | Found a portal to a secret trove of treasure.
 17814 | D:12     | Noticed Kirke
 18055 | D:12     | Killed Kirke
 18055 | D:12     | Received a gift from Okawaru
 18144 | D:12     | Received a gift from Okawaru
 18718 | D:13     | Identified the +4 hand crossbow of Context {penet, rN+}
 19087 | D:13     | Noticed a centaur warrior
 19114 | D:13     | Reached XP level 13. HP: 81/98 MP: 13/13
 19127 | D:13     | Killed a centaur warrior
 20109 | D:13     | Noticed a five-headed hydra
 20121 | D:13     | Killed a five-headed hydra
 20167 | D:13     | Found a gate to the Vaults.
 20541 | Lair:1   | Entered Level 1 of the Lair of Beasts
 20797 | Lair:1   | Found a hazy altar of Hepliaklqana.
 20836 | Lair:1   | Reached skill level 10 in Shields
 22179 | Lair:2   | Found a sacrificial altar of Ru.
 22434 | Lair:2   | Found a gate leading to a gauntlet.
 22562 | Lair:2   | Found a hole to the Spider Nest.
 23367 | Lair:3   | Received a gift from Okawaru
 23368 | Lair:3   | Found a staircase to the Swamp.
 23619 | Lair:3   | Received a gift from Okawaru
 24568 | Lair:4   | Found a transporter.
 24651 | Lair:4   | Found a transporter.
 24653 | Lair:4   | Noticed a seven-headed hydra
 24839 | Lair:4   | Reached skill level 10 in Armour
 24872 | Lair:4   | Reached XP level 14. HP: 106/106 MP: 14/14
 26283 | D:12     | Bought the ring "Erer Cywn" {Will+ rCorr Int+6 Dex+4} for
                  | 1054 gold pieces
 26450 | Swamp:1  | Entered Level 1 of the Swamp
 26461 | Swamp:1  | Noticed a fenstrider witch
 26481 | Lair:3   | Paralysed by a fenstrider witch for 4 turns
 26801 | Lair:3   | Killed a fenstrider witch
 26801 | Lair:3   | Received a gift from Okawaru
 29869 | Swamp:1  | Identified the +15 pearl dragon scales "Parriulu" {-Cast
                  | Rampage rF++ rN+ rCorr} (Okawaru gifted it to you on level
                  | 1 of the Swamp)
 29869 | Swamp:1  | Received a gift from Okawaru
 29870 | Swamp:1  | Reached skill level 5 in Stealth
 30716 | Spider:1 | Entered Level 1 of the Spider Nest
 31404 | Lair:2   | Reached XP level 15. HP: 111/114 MP: 15/15
 32031 | Spider:1 | Noticed Rupert
 32053 | Spider:1 | Killed Rupert
 32136 | Spider:1 | Reached ****** piety under Okawaru
 32136 | Spider:1 | Identified the -4 hat "Qukluzar" {rElec rF- Int+2 Stlth+}
                  | (Okawaru gifted it to you on level 1 of the Spider Nest)
 32136 | Spider:1 | Received a gift from Okawaru
 32945 | Spider:2 | Noticed Arachne
 32981 | Spider:2 | Killed Arachne
 34019 | Spider:2 | Received a gift from Okawaru
 34286 | Spider:2 | Reached skill level 10 in Fighting
 34392 | Spider:2 | Received a gift from Okawaru
 34450 | Spider:3 | Noticed an emperor scorpion
 34486 | Spider:2 | Reached XP level 16. HP: 104/122 MP: 16/16
 36063 | Spider:4 | Entered Level 4 of the Spider Nest
 36564 | Spider:4 | Received a gift from Okawaru
 36565 | Spider:4 | Reached skill level 15 in Shields
 36853 | Spider:4 | Received a gift from Okawaru
 37927 | Spider:3 | Reached XP level 17. HP: 48/129 MP: 17/17
 38786 | Spider:4 | Reached skill level 10 in Dodging
 38975 | Spider:4 | Reached skill level 10 in Throwing
 39008 | Spider:4 | Got a gossamer rune of Zot
 40887 | Swamp:3  | Received a gift from Okawaru
 41725 | Swamp:4  | Entered Level 4 of the Swamp
 41963 | Swamp:4  | Noticed a thorn hunter
 41972 | Swamp:4  | Killed a thorn hunter
 42104 | Swamp:4  | Noticed a thorn hunter
 42104 | Swamp:4  | Noticed a thorn hunter
 42576 | Swamp:4  | Killed a thorn hunter
 42576 | Swamp:4  | Identified the +10 demon trident of the Spheres {venom,
                  | rElec Int+4} (Okawaru gifted it to you on level 4 of the
                  | Swamp)
 42576 | Swamp:4  | Received a gift from Okawaru
 42590 | Swamp:4  | Reached XP level 18. HP: 32/138 MP: 18/18
 43748 | Swamp:4  | Got a decaying rune of Zot
 44798 | D:14     | Noticed Josephine
 44803 | D:14     | Killed Josephine
 44803 | D:14     | Received a gift from Okawaru
 44955 | D:14     | Identified the +0 leather armour of the Vestibule of Hell
                  | {Int+4}
 45083 | D:14     | Cast into level 2 of the Abyss (a wizard)
 45198 | Abyss:2  | Found a sacrificial altar of Ru.
 45300 | Abyss:3  | Received a gift from Okawaru
 45357 | Abyss:3  | Paralysed by accursed screaming for 1 turns
 45375 | Abyss:3  | Paralysed by accursed screaming for 1 turns
 45736 | D:14     | Escaped the Abyss
 45898 | D:14     | Received a gift from Okawaru
 46028 | D:15     | Entered Level 15 of the Dungeon
 46103 | D:15     | Noticed Agnes
 46115 | D:15     | Killed Agnes
 46204 | D:15     | Found a staircase to the Depths.
 46384 | D:15     | Noticed Roxanne
 46638 | D:15     | Noticed Nessos
 46647 | D:15     | Killed Nessos
 46901 | Depths:1 | Entered Level 1 of the Depths
 47019 | Vaults:1 | Entered Level 1 of the Vaults
 47469 | Vaults:1 | Reached XP level 19. HP: 111/148 MP: 19/19
 48020 | Vaults:1 | Received a gift from Okawaru
 48149 | Vaults:1 | Received a gift from Okawaru
 48536 | Vaults:1 | Reached skill level 15 in Polearms
 49202 | Vaults:1 | You fall into a shaft and drop 1 floor!
 49203 | Vaults:2 | Found Umag's Weapon Shoppe.
 49596 | Vaults:2 | Reached skill level 5 in Evocations
 49924 | Vaults:2 | Found a staircase to the Crypt.
 50141 | Vaults:2 | Found the +3 crown of Dyrovepreva {rElec Int+2 SInv}
 50276 | Vaults:2 | Found a radiant altar of Vehumet.
 50276 | Vaults:2 | Noticed a lich
 50286 | Vaults:2 | Killed a lich
 50286 | Vaults:2 | Received a gift from Okawaru
 50298 | Vaults:2 | Identified the +2 hat "Utufir" {rElec rC+}
 50324 | Vaults:2 | Identified the +1 robe of Slimy Fun {Dex+2}
 50372 | Vaults:2 | Received a gift from Okawaru
 50458 | Vaults:2 | Reached XP level 20. HP: 158/158 MP: 20/20
 50466 | Vaults:2 | Found Saintais's General Store.
 50480 | Vaults:2 | Bought a scroll of enchant weapon for 157 gold pieces
 50480 | Vaults:2 | Bought a scroll of teleportation for 63 gold pieces
 50480 | Vaults:2 | Bought a potion of might for 84 gold pieces
 50542 | Vaults:2 | Received a gift from Okawaru
 50713 | Vaults:2 | Found Qezed's General Store.
 50823 | Vaults:2 | Found Fidasm's Weapon Emporium.
 50837 | Vaults:2 | Received a gift from Okawaru
 50921 | Vaults:2 | Identified the +11 demon trident of Beyond {vorpal, Will-
                  | MP+9 Dex+3 Stlth+} (Okawaru gifted it to you on level 2 of
                  | the Vaults)
 50921 | Vaults:2 | Received a gift from Okawaru
 51302 | Vaults:2 | Found Sefaeruh's General Store.
 51608 | Vaults:3 | Found a glowing golden altar of the Shining One.
 51621 | Vaults:3 | Found a white marble altar of Elyvilon.
 51622 | Vaults:3 | Found a crumbling gateway.
 51640 | Vaults:3 | Found a glowing silver altar of Zin.
 52056 | D:5      | Bought a scroll of teleportation for 93 gold pieces
 52059 | D:5      | Bought a scroll labelled PUYLACL SEGONI for 31 gold pieces
 52063 | D:5      | Bought a notched agate ring for 155 gold pieces
 52836 | Vaults:3 | Identified the +3 scale mail of Free Will {-Tele rCorr
                  | SInv} (Okawaru gifted it to you on level 3 of the Vaults)
 52836 | Vaults:3 | Received a gift from Okawaru
 52907 | Vaults:3 | Identified the +4 broad axe "Teigus" {vorpal, Str+4}
 53015 | Vaults:3 | Reached skill level 10 in Stealth
 53706 | Vaults:4 | Reached skill level 15 in Fighting
 53726 | Vaults:4 | Reached XP level 21. HP: 124/168 MP: 21/21
 54591 | Vaults:4 | Found a runed translucent gate.
 54591 | Vaults:4 | Found a runed translucent gate.
 54591 | Vaults:4 | Found a runed translucent gate.
 54591 | Vaults:4 | Noticed dnasty's ghost (veteran DjFE)
 54591 | Vaults:4 | Noticed Muvus's ghost (adept DsFi)
 54592 | Vaults:4 | Noticed Tang's ghost (master DsGl)
 54593 | Vaults:4 | Noticed Meihij's ghost (veteran MiBe)
 54739 | Vaults:4 | Received a gift from Okawaru
 55707 | Vaults:5 | Entered Level 5 of the Vaults
 56866 | Vaults:4 | Received a gift from Okawaru
 56881 | Vaults:4 | Received a gift from Okawaru
 57185 | Vaults:4 | Reached XP level 22. HP: 112/179 MP: 22/22
 57365 | Vaults:5 | Noticed a dread lich
 57574 | Vaults:5 | Noticed an ancient lich
 57883 | Vaults:4 | Paralysed by a dread lich for 5 turns
 57901 | Vaults:4 | Killed a dread lich
 58192 | Vaults:4 | Received a gift from Okawaru
 58840 | Vaults:4 | Killed an ancient lich
 58840 | Vaults:4 | Received a gift from Okawaru
 59770 | Vaults:5 | Noticed a golden dragon
 59872 | Vaults:5 | Paralysed by an ogre mage for 2 turns
 59920 | Vaults:4 | Killed a golden dragon
 59920 | Vaults:4 | Identified the +6 crystal plate armour of Zosechyi {Int+6}
                  | (Okawaru gifted it to you on level 4 of the Vaults)
 59920 | Vaults:4 | Received a gift from Okawaru
 60230 | Vaults:5 | Reached XP level 23. HP: 168/188 MP: 23/23
 60240 | Vaults:5 | Noticed a golden dragon
 60262 | Vaults:5 | Killed a golden dragon
 60647 | Vaults:5 | Identified the +6 scimitar of the Twisting Boar {distort,
                  | rN+}
 61020 | Vaults:5 | Identified the +3 quick blade of Compound Interest {elec,
                  | rF+ SInv Stlth+}
 61156 | Vaults:5 | Identified the +10 scimitar "Yggegy" {vamp, Int+3 Stlth+}
 61808 | Vaults:5 | Noticed a golden dragon
 61842 | Vaults:5 | Killed a golden dragon
 61875 | Vaults:5 | Got a silver rune of Zot
 62081 | Vaults:5 | Gained mutation: Your body sometimes deteriorates upon
                  | taking damage. [a shining eye]
 62087 | Vaults:5 | Received a gift from Okawaru
 62620 | Depths:1 | Found a gateway to Hell.
 62873 | Depths:1 | Reached XP level 24. HP: 199/199 MP: 23/23
 63019 | Depths:1 | Identified the +1 ring mail "Ucad" {rF+} (Okawaru gifted it
                  | to you on level 1 of the Depths)
 63019 | Depths:1 | Received a gift from Okawaru
 63834 | Depths:2 | Found a snail-covered altar of Cheibriados.
 63969 | Depths:2 | Noticed Louise
 63989 | Depths:2 | Killed Louise
 63994 | Depths:2 | Found a one-way gate to the infinite horrors of the Abyss.
 64023 | Depths:2 | Found a gateway to a ziggurat.
 64276 | Depths:2 | Noticed the Enchantress
 64665 | Depths:2 | Killed the Enchantress
 64856 | Depths:2 | Identified the +5 plate armour "Ugial" {Harm Rampage Dex-2
                  | Stlth+} (Okawaru gifted it to you on level 2 of the Depths)
 64856 | Depths:2 | Received a gift from Okawaru
 65194 | Depths:3 | Noticed Boris
 65209 | Depths:3 | Killed Boris
 65462 | Depths:3 | Identified the +2 robe of Dawn {rF++ rC+ Dex+2}
 65872 | Depths:3 | Found a one-way gate leading to the halls of Pandemonium.
 65879 | Depths:3 | Reached XP level 25. HP: 107/208 MP: 23/23
 66145 | Depths:3 | Identified the +1 fire dragon scales "Onoymoom" {rElec rF++
                  | rC- Str+3 Dex+3}
 67042 | Depths:4 | Reached skill level 15 in Dodging
 67056 | Depths:4 | Received a gift from Okawaru
 67560 | Depths:4 | Reached skill level 15 in Armour
 67596 | Depths:4 | Noticed a caustic shrike
 67612 | Depths:4 | Killed a caustic shrike
 68414 | Depths:5 | Entered Level 5 of the Depths
 68414 | Depths:5 | Found a stormy altar of Qazlal.
 68842 | Depths:5 | Received a gift from Okawaru
 69043 | Depths:5 | Found a gate to the Realm of Zot.
 69081 | Depths:5 | Reached XP level 26. HP: 155/219 MP: 23/23
 69952 | Depths:5 | Received a gift from Okawaru
 70020 | Depths:5 | Received a gift from Okawaru
 70048 | Depths:5 | HP: 10/220 [poisoned by a green draconian (poison gas)]
 70051 | Depths:5 | HP: 4/220 [poisoned by a green draconian (poison gas)]
 72204 | Zot:1    | Entered Level 1 of the Realm of Zot
 72994 | Zot:1    | Received a gift from Okawaru
 73210 | Zot:1    | Identified the +10 quarterstaff "Ogreslayer" {flame, rElec}
                  | (Okawaru gifted it to you on level 1 of the Realm of Zot)
 73210 | Zot:1    | Received a gift from Okawaru
 73211 | Zot:1    | Reached XP level 27. HP: 228/228 MP: 23/23
 73390 | Zot:1    | Cast into level 2 of the Abyss (yellow draconian)
 73497 | Abyss:2  | Gained mutation: You are somewhat resistant to further
                  | mutation. [a neqoxec]
 73508 | Abyss:2  | Gained mutation: Armour fits poorly on your strangely
                  | shaped body. [a neqoxec]
 74278 | Abyss:5  | Entered Level 5 of the Abyss
 74297 | Zot:1    | Escaped the Abyss
 74632 | D:13     | Lost mutation: Your body sometimes deteriorates upon taking
                  | damage. [potion of mutation]
 74632 | D:13     | Lost mutation: You are somewhat resistant to further
                  | mutation. [potion of mutation]
 74632 | D:13     | Lost mutation: Armour fits poorly on your strangely shaped
                  | body. [potion of mutation]
 74632 | D:13     | Gained mutation: You have a somewhat thin skeletal
                  | structure. (Dex +2, Stealth+) [potion of mutation]
 74632 | D:13     | Gained mutation: You evolve. [potion of mutation]
 74632 | D:13     | Gained mutation: You have sharp toenails. [potion of
                  | mutation]
 74633 | D:13     | Lost mutation: You evolve. [potion of mutation]
 74633 | D:13     | Lost mutation: You have sharp toenails. [potion of
                  | mutation]
 74633 | D:13     | Gained mutation: A frigid envelope surrounds you and
                  | freezes all who hurt you. [potion of mutation]
 74634 | D:13     | Lost mutation: A frigid envelope surrounds you and freezes
                  | all who hurt you. [potion of mutation]
 74634 | D:13     | Lost mutation: You have a somewhat thin skeletal structure.
                  | (Dex +2, Stealth+) [potion of mutation]
 74634 | D:13     | Gained mutation: You have a pair of small antennae on your
                  | head. [potion of mutation]
 74636 | D:13     | Gained mutation: Your muscles are strong. (Str +2) [potion
                  | of mutation]
 74636 | D:13     | Gained mutation: Your spells are a little harder to cast,
                  | but a little more powerful. [potion of mutation]
 76018 | Zot:2    | Received a gift from Okawaru
 76813 | Zot:2    | Noticed an orb of fire
 76819 | Zot:2    | Gained mutation: You tend to lose your temper in combat.
                  | [an orb of fire]
 76823 | Zot:2    | Gained mutation: You occasionally shout uncontrollably at
                  | your foes. [an orb of fire]
 76838 | Zot:2    | Gained mutation: You evolve. [an orb of fire]
 76869 | Zot:2    | Killed an orb of fire
 77469 | Zot:2    | Found the +8 Wrath of Trog {antimagic, *Rage Rampage}
 79243 | Zot:2    | Received a gift from Okawaru
 80759 | Zot:3    | Received a gift from Okawaru
 81290 | Zot:2    | Received a gift from Okawaru
 81445 | Zot:2    | Received a gift from Okawaru
 82075 | Zot:2    | Gained mutation: You sometimes lose the ability to read
                  | scrolls when taking damage. [evolution]
 82078 | Zot:2    | Lost mutation: You have a pair of small antennae on your
                  | head. [potion of mutation]
 82078 | Zot:2    | Lost mutation: Your spells are a little harder to cast, but
                  | a little more powerful. [potion of mutation]
 82078 | Zot:2    | Gained mutation: You are partially covered in large bone
                  | plates. (SH +4) [potion of mutation]
 82078 | Zot:2    | Gained mutation: You have a pair of small horns on your
                  | head. [potion of mutation]
 82079 | Zot:2    | Lost mutation: You evolve. [potion of mutation]
 82079 | Zot:2    | Lost mutation: You have a pair of small horns on your head.
                  | [potion of mutation]
 82079 | Zot:2    | Gained mutation: You evolve. [potion of mutation]
 82079 | Zot:2    | Gained mutation: Your muscles are very strong. (Str +4)
                  | [potion of mutation]
 82121 | Depths:5 | Lost mutation: You sometimes lose the ability to read
                  | scrolls when taking damage. [potion of mutation]
 82121 | Depths:5 | Lost mutation: You evolve. [potion of mutation]
 82121 | Depths:5 | Gained mutation: You evolve. [potion of mutation]
 82121 | Depths:5 | Gained mutation: Your natural rate of healing is unusually
                  | fast. [potion of mutation]
 82121 | Depths:5 | Gained mutation: Your mind is acute. (Int +2) [potion of
                  | mutation]
 82169 | Zot:3    | Received a gift from Okawaru
 82187 | Zot:3    | Received a gift from Okawaru
 82369 | Zot:3    | Noticed an orb of fire
 82520 | Zot:3    | Received a gift from Okawaru
 83054 | Zot:4    | Received a gift from Okawaru
 83249 | Zot:5    | Entered Level 5 of the Realm of Zot
 83479 | Zot:5    | Received a gift from Okawaru
 84026 | Zot:5    | Noticed an orb of fire
 84070 | Zot:4    | Killed an orb of fire
 84085 | Zot:5    | Noticed an orb of fire
 84087 | Zot:5    | Gained mutation: You often lose your temper in combat. [an
                  | orb of fire]
 84091 | Zot:5    | Gained mutation: Your magical capacity is low. (-10% MP)
                  | [an orb of fire]
 84095 | Zot:4    | Lost mutation: Your muscles are very strong. (Str +4) [an
                  | orb of fire]
 84096 | Zot:4    | Lost mutation: Your mind is acute. (Int +2) [an orb of
                  | fire]
 84097 | Zot:4    | Gained mutation: Your magical capacity is very low. (-20%
                  | MP) [an orb of fire]
 84104 | Zot:4    | Killed an orb of fire
 84261 | Zot:5    | Noticed an orb of fire
 84270 | Zot:5    | Gained mutation: Your flesh is heat resistant. (rF+) [an
                  | orb of fire]
 84273 | Zot:5    | Gained mutation: Your body sometimes deteriorates upon
                  | taking damage. [an orb of fire]
 84337 | Zot:4    | Gained mutation: You have an uncontrollable temper. [an orb
                  | of fire]
 84347 | Zot:4    | Gained mutation: Your spells are a little easier to cast,
                  | but a little less powerful. [an orb of fire]
 84351 | Zot:4    | Killed an orb of fire
 84610 | Zot:5    | Noticed an ancient lich
 84624 | Zot:5    | Killed an ancient lich
 84634 | Zot:5    | Lost mutation: Your magical capacity is very low. (-20% MP)
                  | [evolution]
 84635 | Zot:5    | Noticed an ancient lich
 84649 | Zot:5    | Killed an ancient lich
 84649 | Zot:5    | Identified the +6 halberd "Gyeli" {freeze, rF- Str+8 Dex+4}
                  | (Okawaru gifted it to you on level 5 of the Realm of Zot)
 84649 | Zot:5    | Received a gift from Okawaru
 84761 | Zot:5    | Noticed an ancient lich
 85340 | Zot:5    | Noticed a Killer Klown
 85377 | Zot:5    | Noticed a dread lich
 85391 | Zot:5    | Killed a dread lich
 85778 | Zot:5    | Noticed an orb of fire
 85781 | Zot:5    | Noticed an orb of fire
 85794 | Zot:5    | Gained mutation: You frequently scream uncontrollably at
                  | your foes. [an orb of fire]
 85829 | Zot:5    | Gained mutation: You sometimes lose the ability to read
                  | scrolls when taking damage. [an orb of fire]
 86071 | Zot:5    | Gained mutation: You are frail. (-10% HP) [an orb of fire]
 86081 | Zot:5    | Killed an orb of fire
 86081 | Zot:5    | Received a gift from Okawaru
 86109 | Zot:5    | Identified the +1 crystal plate armour of Gear {rElec
                  | Regen+} (Okawaru gifted it to you on level 5 of the Realm
                  | of Zot)
 86109 | Zot:5    | Received a gift from Okawaru
 86217 | Zot:5    | Noticed an orb of fire
 86353 | Zot:5    | Gained mutation: Your spells are easier to cast, but less
                  | powerful. [an orb of fire]
 86415 | Zot:5    | Killed a Killer Klown
 86527 | Zot:5    | Killed an ancient lich
 86528 | Zot:5    | Reached skill level 15 in Throwing
 86626 | Zot:5    | Got the Orb of Zot
 86943 | Depths:3 | Noticed Onleumam the pandemonium lord
 86974 | Depths:2 | Killed Onleumam the pandemonium lord
 87405 | D:$      | Escaped with the Orb!

Illustrated notes

Levels and vault maps discovered:
D:1:      evilmike_arrival_plus, layout_rooms, minmay_tall_x
D:2:      layout_basic, shapermc_ecumenical_altar_petra, serial_corexii_hall,
          corexii_hall_statues_u, chequers_hall_statues_y,
          corexii_hall_statues_s, corexii_hall_statues_x,
          chequers_hall_statues_y, corexii_hall_statues_x, nrook_mini_backslash,
          grunt_ministairs_9
D:3:      corexii_shack_village, layout_basic
D:4:      cheibrodos_old_hovel, layout_basic, mainiacjoe_overflow_cross_hatched,
          enter_ossuary_4
D:5:      layout_loops_ring, lemuel_crystal_altar,
          mainiacjoe_overflow_surrounded_room, serial_shops,
          kennysheep_little_box, kennysheep_boxes
D:6:      layout_loops_ring, minmay_temple_entry_sparse_star, serial_shops,
          nicolae_shop_crystal, minmay_starry_boxes, uniq_blork_the_orc,
          uniq_sigmund, uniq_menkaure
D:7:      layout_cave_pools, nicolae_overflow_crystal_walls,
          nicolae_wu_jian_wuxing_cycle, nemelex_dance_club_becter,
          nicolae_zen_rock_garden
D:8:      layout_layer_cave, erik_lair_island, enter_bailey_3, uniq_gastronok
D:9:      layout_rooms, minmay_misc_feat_cross, uniq_joseph, uniq_maurice
D:10:     layout_long_grid, mainiacjoe_overflow_alcove_2, hiddenorc2_lemuel,
          uniq_maggie
D:11:     layout_basic, serial_bayou_pond_a
D:12:     layout_long_grid, serial_shops,
          nicolae_shop_competitors_out_of_business, nicolae_trove_entry_crystal,
          uniq_kirke
D:13:     layout_layer_cave, erik_vaults_1
D:14:     layout_basic, wad_dig_loot, uniq_josephine
D:15:     grunt_enter_depths_snipers, layout_irregular_city, uniq_agnes,
          uniq_roxanne, uniq_nessos
Temple:   regret_index_temple_generic_petals
Lair:1:   layout_roguey, basic_altar, wad_woods_river_01,
          minmay_lair_oklob_chamber
Lair:2:   wander_river, layout_small_grid, spider_nest_entry_a,
          nicolae_volcano_entry_hallway, basic_altar, gauntlet_entry_generic
Lair:3:   layout_regular_city, minmay_swamp_entry_worms, grunt_megastairs_3
Lair:4:   layout_layer_cave, nzn_ghost_randoct, serial_bayou_shore_b,
          serial_bayou_shore_b
Lair:5:   layout_roguey, st_stairs_10
Swamp:1:  layout_falls_marsh, evilmike_swamp_ruin_house_6, swamp_pool5,
          nzn_swamp_dancing_lights, infiniplex_staircase_pool
Swamp:2:  layout_basic_swamp, evilmike_swamp_ruin_house_5, swamp_pool3
Swamp:3:  layout_basic_swamp, evilmike_swamp_ruin_rubble_2, swamp_pool1,
          ldierk_geyser
Swamp:4:  swamp_basic_johnstein, layout_basic_swamp
Spider:1: layout_spider_delve, uniq_rupert
Spider:2: layout_spider_delve, uniq_arachne
Spider:3: layout_spider_delve
Spider:4: spider_rune_water
Vaults:1: ontoclasm_vaults_eye, v_rooms_6, vaults_room_corners,
          ontoclasm_vaults_spin, dpeg_vaults_monster_box, vaults_room_pools,
          hangedman_vaults_slice, st_cells, layout_vaults_ring
Vaults:2: nicolae_vaults_alarming, nicolae_vaults_shelves_hall,
          minmay_crypt_entry_simple_corners, grunt_vaults_trifunnel,
          grunt_tower_of_power, nicolae_vaults_network_barrier,
          vaults_room_ringed_pool, nicolae_vaults_specimen_jars,
          vaults_room_door_ring, hangedman_vaults_variations,
          vaults_room_door_ring, layout_vaults_omnicross, serial_shops, shop,
          shop, shop, shop, shop
Vaults:3: v_pattern_2, vaults_room_pools, ontoclasm_vaults_decontamination,
          vaults_dpeg_hooks, v_misc_24, v_misc_26, hangedman_vaults_unwind,
          v_misc_27, ontoclasm_vaults_ring_small, hangedman_vaults_locks,
          v_misc_4, ontoclasm_vaults_ring_square, layout_vaults_maze,
          portal_desolation_entry_holy_temple, uniq_margery
Vaults:4: gammafunk_vaults_ghost_cemetery, hangedman_vaults_hat,
          ontoclasm_vaults_idyll, v_misc_8, v_misc_15, v_pattern_1,
          hangedman_vaults_hard_town_square, vaults_dpeg_encased_lava,
          vaults_dpeg_ring, layout_vaults_quadrants
Vaults:5
Depths:1: layout_cross, hell_entry, bh_walls_and_bars
Depths:2: minmay_mutant_horseshoe, layout_gridlike, enter_ziggurat_b,
          chequers_serial_rivers_micro_d, hell_entry,
          nicolae_abyss_entry_one_way_or_another, cheibriados_altar_1,
          uniq_enchantress
Depths:3: minmay_box_of_curves, layout_basic, hell_entry, pan_entry,
          marbit_kobold_abyss_entry, lemuel_flamethrower_2, uniq_boris
Depths:4: minmay_the_grid_octo_2x2 [minmay_the_grid_octo_fan_narrow,
          minmay_the_grid_octo_empty, minmay_the_grid_octo_fat_diamond,
          minmay_the_grid_octo_prize_square_snowflake], layout_cave_pools,
          hell_entry, corexii_leaking_fountain, minmay_room_of_horrors,
          grunt_decor_arrowhead
Depths:5: lemuel_castle_with_subvaults [lemuel_castle_interior_carwin_2],
          layout_basic, hell_entry, dk_noncrumbling_3, grunt_qazlal_clouds
Zot:1:    layout_cellular_growth
Zot:2:    layout_basic
Zot:3:    layout_onion, grunt_ministairs_9
Zot:4:    layout_cathedral_of_symmetry, lemuel_flame_loot_1
Zot:5:    layout_gridlike

Skill      XL: |  1  2  3  4  5  6  7  8  9 10 11 12 13 14 15 16 17 18 19 20 21 22 23 24 25 26 27 |
---------------+----------------------------------------------------------------------------------+-----
Throwing       | 1 2 3 5 7 8 9 10 11 12 13 15 | 15.2
Dodging        | 1 2 3 4 5 6 7 8 9 11 12 13 14 15 16 18 | 18.3
Polearms       | 3 5 7 8 9 10 11 12 13 14 15 16 17 18 19 20 21 23 | 23.6
Armour         | 4 5 7 8 9 10 11 12 13 14 15 16 | 16.8
Shields        | 4 5 7 8 9 11 12 14 15 | 15.0
Fighting       | 4 5 6 7 8 9 10 11 12 13 15 16 17 18 19 20 21 23 | 23.7
Stealth        | 1 3 4 5 7 8 9 10 11 12 13 14 | 14.6
Evocations     | 1 2 3 4 5 |  5.7
Unarmed Combat | |  0.3
Invocations    | |  0.4

Action                   |  1- 3 |  4- 6 |  7- 9 | 10-12 | 13-15 | 16-18 | 19-21 | 22-24 | 25-27 || total
-------------------------+-------+-------+-------+-------+-------+-------+-------+-------+-------++-------
Melee: Trident           |   105 |    69 |       |       |       |       |       |       |       ||   174
       Spear             |       |    88 |   426 |   844 |  1958 |  1855 |     3 |       |       ||  5174
       Unarmed           |       |       |       |     2 |       |       |       |       |       ||     2
       Demon trident     |       |       |       |       |       |   331 |  1328 |  1356 |  2546 ||  5561
Throw: Dart              |       |    31 |    18 |   114 |    23 |    29 |     2 |       |       ||   217
       Javelin           |       |       |    11 |    16 |    17 |    56 |    93 |    41 |   134 ||   368
       Boomerang         |       |       |       |    62 |    92 |   117 |       |       |       ||   271
       Throwing net      |       |       |       |       |     1 |     1 |       |       |       ||     2
Invok: Heroism           |       |       |       |     1 |       |       |       |     1 |       ||     2
Evoke: Wand              |       |       |       |    24 |    39 |    31 |     6 |     4 |     3 ||   107
       Lightning rod     |       |       |       |       |     8 |     5 |       |       |     3 ||    16
       Tin of tremorston |       |       |       |       |     2 |     2 |       |       |     2 ||     6
       Condenser vane    |       |       |       |       |       |     1 |       |       |       ||     1
  Use: Potion            |       |     2 |     7 |    11 |     5 |    10 |     5 |     7 |    23 ||    70
       Scroll            |       |       |    13 |    18 |    12 |    11 |     9 |     4 |    15 ||    82
 Stab: Distracted        |       |       |     2 |     1 |     1 |     9 |     3 |     7 |     9 ||    32
       Sleeping          |       |       |       |     6 |     7 |    12 |    20 |    24 |    26 ||    95
       Paralysed         |       |       |       |       |     4 |    38 |       |       |     1 ||    43
       Fleeing           |       |       |       |       |     1 |       |       |       |       ||     1
       Held in net/web   |       |       |       |       |       |     1 |       |       |       ||     1
Armor: Scale mail        |    68 |    55 |   108 |   147 |   163 |       |       |       |       ||   541
       Pearl dragon scal |       |       |       |       |   349 |   681 |   276 |   261 |   666 ||  2233
Dodge: Dodged            |    34 |    38 |    93 |   221 |   500 |   706 |   395 |   404 |   926 ||  3317
Block: Kite shield       |    64 |    71 |   156 |   492 |  1709 |  1858 |  1049 |   920 |  1922 ||  8241
       Reflection        |       |       |       |     2 |     7 |    36 |    24 |    35 |    33 ||   137
